 Dungeon Crawl Stone Soup version 0.25-a0-292-gaa31f046c4 (webtiles) character file.

Game seed: 18281048943372771939, levelgen mode: deterministic

231 MoonlitKnight the Conjurer (level 5, -4/28 HPs)
             Began as a Deep Elf Conjurer on Dec 15, 2019.
             Killed by nerve-wracking pain
             ... invoked by an orc priest
              (5 damage)
             ... on level 3 of the Dungeon.
             The game lasted 00:10:48 (3395 turns).

MoonlitKnight the Conjurer (Deep Elf Conjurer)      Turns: 3395, Time: 00:10:48

Health: -4/28      AC:  2    Str:  5    XL:     5   Next: 72%
Magic:  6/13       EV: 14    Int: 21    God:
Gold:   98         SH:  0    Dex: 15    Spells: 3/13 levels left

rFire    . . .     SeeInvis .   t - +3 flail
rCold    . . .     Gourm    .   (no shield)
rNeg     . . .     Faith    .   a - +0 robe
rPois    .         Spirit   .   (no helmet)
rElec    .         Reflect  .   (no cloak)
rCorr    .         Harm     .   (no gloves)
MR       .....                  (no boots)
Stlth    ++........             (no amulet)
HPRegen  0.09/turn              (no ring)
MPRegen  0.13/turn              (no ring)

@: no status effects
A: no striking features
a: no special abilities


You were on level 3 of the Dungeon.
You were not hungry.

You visited 1 branch of the dungeon, and saw 3 of its levels.

You collected 98 gold pieces.

Inventory:

Hand Weapons
 t - a +3 flail (weapon)
Missiles
 s - 13 sling bullets
Armour
 a - a +0 robe (worn)
Wands
 p - a wand of iceblast (11)
Scrolls
 b - 3 scrolls of fear {unknown}
 e - a scroll of blinking {unknown}
 f - 4 scrolls of teleportation {unknown}
 h - 2 scrolls of immolation {unknown}
 i - 2 scrolls of identify {unknown}
 k - 2 scrolls of remove curse {unknown}
 l - a scroll of amnesia {unknown}
 q - a scroll of magic mapping {unknown}
 r - a scroll of noise {unknown}
Potions
 j - 2 potions of invisibility {unknown}
 n - 2 potions of curing {unknown}
 o - a potion of degeneration {unknown}
Comestibles
 c - 7 rations
 d - 2 chunks of flesh


   Skills:
 + Level 4.1 Dodging
 - Level 2.4 Stealth
 + Level 4.5 Spellcasting
 * Level 6.1 Conjurations
 + Level 2.2 Hexes


You had 3 spell levels left.
You knew the following spells:

 Your Spells              Type           Power        Failure   Level  Hunger
a - Magic Dart            Conj           ####         1%          1    None
b - Searing Ray           Conj           ####..       1%          2    #......
c - Dazzling Flash        Conj/Hex       ###...       6%          3    ##.....
d - Fulminant Prism       Conj/Hex       ###.......   21%         4    ####...

Your spell library contained the following spells:

 Spells                   Type           Power        Failure   Level  Hunger
 Iskenderun's Mystic Bla  Conj/Tloc      ###.....     32%         4    ####...


Dungeon Overview and Level Annotations

Branches:
Dungeon (3/15)

Altars:
Fedhas
Okawaru


Message History

Casting: Magic Dart (safe; 1% risk of failure)
Confirm with . or Enter, or press ? or * to list all spells.
Aiming: Magic Dart (safe; 1% risk of failure)
Press: ? - help, Shift-Dir - straight line, f/p - orc priest
Aim: an orc priest, wielding a +0 short sword and wearing a +0 chain mail (severely wounded)
The magic dart hits the orc priest.
The orc priest is almost dead.
The orc priest calls down the wrath of Beogh upon you.
Beogh smites you!
* * * LOW HITPOINT WARNING * * *
Casting: Magic Dart (safe; 1% risk of failure)
Confirm with . or Enter, or press ? or * to list all spells.
Aiming: Magic Dart (safe; 1% risk of failure)
Press: ? - help, Shift-Dir - straight line, f/p - orc priest
Aim: an orc priest, wielding a +0 short sword and wearing a +0 chain mail (almost dead)
The magic dart hits the orc priest but does no damage.
The orc priest is almost dead.
The orc priest invokes the aid of Beogh against you.
Pain shoots through your body!
You die...

.#.#.#.#.#.# #.#.#.#)#.## #####
.#.#.#.#.#.##########...#
#.#.#.#.#.#........##...# ###
.#.#รท#.#.#.#.#.###.##...# #..
#.#.#.#.#.##.#.#.#.##...# #.#
.#(#.#.#.#.#.#.#.#.##...# #.#
#(#.#.#.#.#.....>#.##...# #..
.#.#.#.#.#...#..@..##...#########
#.#.#.#.#.######....#............
.#.#.#.#.#.# ####o#....########
#.#.#.#.#.## #.#...)##### ##
.#.#.#.#.#. #..........###.
#.#.#. #.# #..........#... .#.#.
#. #...o........## #.#.
#...o......#### .#.
#...........####


You could see an orc priest.

Vanquished Creatures
  Natasha (D:2)
  Terence (D:3)
  2 orc wizards (D:3)
  A worker ant (D:2)
  2 adders (D:3)
  An ooze (D:1)
  2 worms
  A dart slug (D:3)
  A leopard gecko (D:3)
  9 orcs
  8 bats
  4 giant cockroaches
  4 goblins
  6 hobgoblins
  2 ball pythons
  6 frilled lizards
  7 kobolds
  10 rats
68 creatures vanquished.

Vanquished Creatures (others)
  2 fulminant prisms (D:3)
2 creatures vanquished.

Grand Total: 70 creatures vanquished

Notes
Turn   | Place    | Note
-------+----------+-------------------------------------------
     0 | D:1      | MoonlitKnight the Deep Elf Conjurer began the quest for the
                  | Orb.
     0 | D:1      | Reached XP level 1. HP: 10/10 MP: 6/6
   276 | D:1      | Reached XP level 2. HP: 15/15 MP: 6/8
   285 | D:1      | Learned a level 2 spell: Searing Ray
   782 | D:1      | Reached skill level 5 in Conjurations
  1036 | D:2      | Reached XP level 3. HP: 19/19 MP: 2/10
  1089 | D:2      | Learned a level 3 spell: Dazzling Flash
  1258 | D:2      | Noticed Natasha
  1264 | D:2      | Killed Natasha
  1264 | D:2      | Reached XP level 4. HP: 24/24 MP: 6/11
  1313 | D:2      | Found an iron altar of Okawaru.
  1315 | D:2      | Found a blossoming altar of Fedhas.
  2016 | D:3      | Learned a level 4 spell: Fulminant Prism
  2030 | D:3      | Reached skill level 1 in Hexes
  2358 | D:3      | Noticed Terence
  2365 | D:3      | Killed Terence
  2365 | D:3      | Reached XP level 5. HP: 28/28 MP: 7/13
  2915 | D:3      | Reached skill level 6 in Conjurations
  3394 | D:3      | HP: 1/28 [orc priest/divine providence (8)]
  3395 | D:3      | Killed from afar by an orc priest

Levels and vault maps discovered:
D:1:      zelgadis_glass_arrival_small, layout_loops_corners
D:2:      layout_basic, minitemple, first_ration, uniq_natasha
D:3:      layout_basic, serial_corexii_hall, chequers_hall_statues_y,
          chequers_hall_statues_wall_a, uniq_terence

Skill      XL: |  1  2  3  4  5 |
---------------+----------------+-----
Dodging        | 3 4 |  4.1
Conjurations   | 5 6 |  6.1
Spellcasting   | 4 |  4.5
Hexes          | 1 2 |  2.2
Stealth        | |  2.4

Action                   |  1- 3 |  4- 6 || total
-------------------------+-------+-------++-------
Melee: Dagger            |     5 |       ||     5
       Flail             |       |     2 ||     2
 Cast: Magic Dart        |    38 |    56 ||    94
       Searing Ray       |     5 |    10 ||    15
       Fulminant Prism   |       |     2 ||     2
  Eat: Chunk             |       |     8 ||     8
Armor: Robe              |       |     2 ||     2
Dodge: Dodged            |     5 |    12 ||    17

Table legend:
 A = Non-vault XP
 B = Vault XP
 C = Vault XP percentage of total XP
 D = Non-vault monster count
 E = Vault monster count
 F = Vault count percentage of total count
                 A         B        C        D         E       F
            +---------+---------+-------+---------+---------+-------
      Total |     258 |      72 |  21.8 |      66 |       2 |   2.9
            +---------+---------+-------+---------+---------+-------
        D:1 |      38 |       0 |   0.0 |      21 |       0 |   0.0
        D:2 |      58 |      36 |  38.3 |      15 |       1 |   6.2
        D:3 |     162 |      36 |  18.2 |      30 |       1 |   3.2
            +---------+---------+-------+---------+---------+-------
